 Dungeon Crawl Stone Soup version 0.23.2-33-g5129a83184 (webtiles) character file.

Game seed: 15675501779774178701

29948 H0rd4k the Eclecticist (level 13, 0/63 HPs)
             Began as a Deep Elf Wizard on July 4, 2019.
             Was a High Priest of Sif Muna.
             Shot with an arrow by a centaur (6 damage)
             ... on level 4 of the Lair of Beasts on July 8, 2019.
             The game lasted 01:41:03 (20992 turns).

H0rd4k the Eclecticist (Deep Elf Wizard)           Turns: 20992, Time: 01:41:05

Health: 0/63       AC: 10    Str:  6    XL:     13   Next: 17%
Magic:  34/46      EV: 13    Int: 34    God:    Sif Muna [*****.]
Gold:   846        SH:  0    Dex: 13    Spells: 22/48 levels left

rFire    . . .     SeeInvis +   z - +5 hunting sling "Demonbane" {venom, MP+9 Int+5}
rCold    . . .     Gourm    .   (no shield)
rNeg     + . .     Faith    .   o - +2 leather armour of Fomomipp {rPois Str-5 SInv}
rPois    +         Spirit   .   b - +1 hat
rElec    .         Reflect  .   (no cloak)
rCorr    .         Harm     .   (no gloves)
MR       +....                  (no boots)
Stlth    +++.......             A - amulet "Hiyrphok" {RegenMP Str+7}
HPRegen  0.20/turn              C - +4 ring of protection
MPRegen  0.55/turn              r - ring of positive energy

@: no status effects
A: no striking features
a: Divine Energy, Channel Magic, Forget Spell, Renounce Religion


You were on level 4 of the Lair of Beasts.
You worshipped Sif Muna.
Sif Muna was extremely pleased with you.
You were not hungry.

You visited 3 branches of the dungeon, and saw 19 of its levels.

You collected 1167 gold pieces.
You spent 321 gold pieces at shops.

Inventory:

Hand Weapons
 z - the +5 hunting sling "Demonbane" (weapon) {venom, MP+9 Int+5}
   (You found it on level 12 of the Dungeon)

   It poisons the ammo it fires.
   It affects your intelligence (+5).
   It affects your magic capacity (+9).
 K - the +9 heavy crossbow "Sniper" {velocity, Acc+∞ SInv}
   (You found it on level 9 of the Dungeon)

   Any bolt fired from it inflicts extra damage.
   It lets you see invisible.
 L - the +8 long sword of War {elec, rPois rF+ rC+}
   (You found it on level 9 of the Dungeon)

   Occasionally, upon striking a foe, it will discharge some electrical energy
   and cause terrible harm.
   It protects you from fire.
   It protects you from cold.
   It protects you from poison.
Missiles
 S - 97 bolts
Armour
 b - a +1 hat (worn)
 o - the +2 leather armour of Fomomipp (worn) {rPois Str-5 SInv}
   (You found it on level 4 of the Dungeon)

   It affects your strength (-5).
   It protects you from poison.
   It lets you see invisible.
 w - a +2 robe of magic resistance
Magical Staves
 N - an uncursed staff of cold
 O - an uncursed staff of summoning
 R - an uncursed staff of conjuration
 T - an uncursed staff of wizardry
Jewellery
 h - an uncursed ring of resist corrosion
 j - an uncursed ring of see invisible
 p - an uncursed amulet of guardian spirit
 r - a ring of positive energy (right hand)
 A - the amulet "Hiyrphok" (around neck) {RegenMP Str+7}
   (You took it off an orc wizard on level 6 of the Dungeon)

   [amulet of magic regeneration]

   It increases your magic regeneration.
   It affects your strength (+7).
 B - an uncursed ring of wizardry {unknown}
 C - a +4 ring of protection (left hand)
 E - a +6 amulet of reflection
 I - an uncursed amulet of regeneration
Wands
 e - a wand of flame (8)
 k - a wand of disintegration (12)
 l - a wand of scattershot (11)
 m - a wand of random effects (35)
 s - a wand of iceblast (5)
 u - a wand of enslavement (16)
 x - a wand of acid (4)
 D - a wand of polymorph (10)
 J - a wand of clouds (3)
Scrolls
 c - a scroll of magic mapping
 g - 9 scrolls of remove curse
 i - 3 scrolls of fear
 y - 3 scrolls of fog
 G - a scroll of enchant armour
 M - a scroll of vulnerability {unknown}
 U - a scroll of identify
 W - a scroll of holy word {unknown}
Potions
 a - a potion of resistance
 f - 4 potions of curing
 n - 2 potions of might
 q - 2 potions of lignification
 t - 4 potions of haste
 v - 2 potions of brilliance
 H - 2 potions of flight
 V - a potion of ambrosia {unknown}
 X - a potion of agility
Miscellaneous
 Q - a lightning rod (4/4)
Comestibles
 d - 24 rations


   Skills:
 + Level 4.6 Dodging
 + Level 5.5 Stealth
 + Level 18.2 Spellcasting
 + Level 13.0 Conjurations
 + Level 3.9 Hexes
 + Level 2.8 Charms
   Level 1.1 Summonings
 + Level 5.0 Translocations
 + Level 7.8 Fire Magic
 + Level 2.0 Air Magic
 + Level 4.0 Poison Magic
 + Level 2.6 Invocations
 + Level 2.4 Evocations


You had 22 spell levels left.
You knew the following spells:

 Your Spells              Type           Power        Failure   Level  Hunger
a - Magic Dart            Conj           ####         0%          1    None
b - Blink                 Tloc           N/A          1%          2    None
c - Conjure Flame         Conj/Fire      #######.     1%          3    None
d - Tukima's Dance        Hex            ######..     1%          3    None
e - Gell's Gravitas       Tloc           ######....   1%          3    None
f - Swiftness             Chrm/Air       #####...     1%          2    None
g - Venom Bolt            Conj/Pois      ######....   1%          5    None
h - Apportation           Tloc           ######       1%          1    None
i - Bolt of Fire          Conj/Fire      #######...   3%          6    None

Your spell library contained the following spells:

 Spells                   Type           Power        Failure   Level  Hunger
 Animate Skeleton         Necr           N/A          1%          1    None
 Confusing Touch          Hex            ######       1%          1    None
 Corona                   Hex            ######.      1%          1    None
 Infusion                 Chrm           ####         1%          1    None
 Shock                    Conj/Air       ####         1%          1    None
 Sting                    Conj/Pois      ####         1%          1    None
 Summon Small Mammal      Summ           ####         1%          1    None
 Call Imp                 Summ           #####...     1%          2    None
 Ensorcelled Hibernation  Hex/Ice        #####.       1%          2    None
 Poisonous Vapours        Pois/Air       ######       1%          2    None
 Shroud of Golubria       Chrm/Tloc      ######....   1%          2    None
 Slow                     Hex            ######..     1%          2    None
 Song of Slaying          Chrm           ######..     1%          2    None
 Confuse                  Hex            ######..     1%          3    None
 Dazzling Spray           Conj/Hex       ######       1%          3    None
 Mephitic Cloud           Conj/Pois/Air  ######..     1%          3    None
 Spectral Weapon          Hex/Chrm       ######..     1%          3    None
 Static Discharge         Conj/Air       ######..     1%          3    None
 Fireball                 Conj/Fire      #######...   1%          5    None
 Lightning Bolt           Conj/Air       ######....   2%          5    None
 Regeneration             Chrm/Necr      #####.....   3%          3    None
 Olgreb's Toxic Radiance  Pois           ######..     3%          4    None
 Irradiate                Conj/Tmut      ######....   3%          5    None
 Airstrike                Air            #####.....   8%          4    None
 Poison Arrow             Conj/Pois      ######....   9%          6    None
 Petrify                  Tmut/Erth      ####....     19%         4    None
 Metabolic Englaciation   Hex/Ice        #####.....   22%         5    None
 Yara's Violent Unravell  Hex/Tmut       #####.....   22%         5    None
 Excruciating Wounds      Chrm/Necr      #####.....   28%         5    None
 Ring of Flames           Chrm/Fire      ######....   86%         7    ###....
 Statue Form              Tmut/Erth      ####.....    95%         6    None
 Fire Storm               Conj/Fire      #######...   100%        9    ######.


Dungeon Overview and Level Annotations

Branches:
Dungeon (14/15)            Temple (1/1) D:4            Lair (4/6) D:10
 Shoals (0/4) Lair:4       Spider (0/4) Lair:4          Orc (0/2) D:12
 Vaults (0/5) D:13

Altars:
Ashenzari
Cheibriados
Dithmenos
Elyvilon
Fedhas
Gozag
Hepliaklqana
Kikubaaqudgha
Makhleb
Nemelex Xobeh
Okawaru
Qazlal
Ru
Sif Muna
Trog
Uskayaw
Vehumet
Wu Jian
Xom
Yredelemnul
Zin
The Shining One

Shops:
D:8 [   D:9 :

Annotations:
D:8 exclusion: downstairs
D:10 3 runed translucent doors, bocha96's ghost, journeyman MfGl
D:11 exclusions: acid dragon and downstairs
D:12 exclusion: rakshasa
D:13 exclusions: gargoyle, ugly thing and upstairs
D:14 exclusion: upstairs
Lair:3 1 runed translucent door, exclusion: oklob plant, DorianNounverber's ghost, journeyman MiBe
Lair:4 Nessos


Message History

* * * LOW HITPOINT WARNING * * *
A centaur comes into view.
The centaur shouts!
Found an arrow, a scroll of fear and a scroll labeled VUF ENYSORGHAPS.
Found a staircase to the Shoals. 2 centaurs come into view.
You see here an arrow.
Okay, then.
Unknown command.
Evoke which item? (* to show all) (? for menu, Esc to quit)
Aiming: Cloud Cone
Press: ? - help, Dir - move target cursor, f - centaur
Aim: a centaur, wielding a +0 shortbow You create a blast of freezing vapour!
The centaur is engulfed in freezing vapours.
The centaur shoots an arrow.
The arrow completely misses you.
The centaur is engulfed in freezing vapours.
The centaur wields a +0 shortbow.
The centaur shoots an arrow.
The arrow hits you.
You die...

....... . ...
...P...#. ....
......P.###....
.P.......#.....
..P?PP..P......
P..§...PP......
.P.§c§P........
.Pc§c§§@...(...
#..
...§§§..P....?.
.....
..P§P..P.......
.....
...P....P......
.....
P....P.........
....
..P............
...
...............
#
..#.....#####..
# # ##. #


You could see 3 centaurs.

Vanquished Creatures
  A vault guard (D:13)
  2 centaur warriors
  3 two-headed ogres
  Nergalle (D:10)
  A skeletal warrior (D:13)
  An unseen horror (D:14)
  2 cyclopes
  2 black mambas
  Maurice (D:11)
  2 gargoyles
  3 spiny frogs
  A kobold demonologist (D:13)
  A rime drake (Lair:2)
  7 komodo dragons
  6 trolls
  3 jumping spiders (Lair:4)
  A hornet (D:13)
  4 blink frogs (Lair:3)
  Grinder (D:3)
  A hornet (shapeshifter) (D:13)
  6 hippogriffs
  2 redbacks (Lair:4)
  Sigmund (D:3)
  19 yaks
  A vampire (D:12)
  A wyvern (Lair:2)
  A shadow (D:12)
  A wraith (D:9)
  A spriggan (D:7)
  Grum (D:10)
  5 basilisks
  A hungry ghost (D:12)
  Duvessa (D:6)
  7 water moccasins
  2 black bears
  3 porcupines
  6 orc warriors
  4 ice beasts
  2 eyes of draining
  5 sky beasts
  3 phantoms
  9 ogres
  2 centaurs
  5 wolves
  8 crocodiles
  4 big kobolds
  17 bullfrogs
  A gnoll sergeant (D:12)
  Dowan (D:6)
  4 scorpions
  7 wights
  5 electric eels
  4 crimson imps
  2 bullfrog zombies
  5 centaur zombies
  A quasit (D:9)
  A gnoll shaman (D:6)
  5 hounds
  3 jellies
  2 bullfrog skeletons
  11 orc priests
  10 orc wizards
  6 worker ants
  9 iguanas
  A killer bee zombie (D:10)
  A hound skeleton (D:8)
  22 gnolls
  A howler monkey skeleton (D:10)
  16 adders
  A shadow imp (D:9)
  A white imp (D:8)
  An adder zombie (D:7)
  An adder skeleton (D:9)
  5 worms
  3 dart slugs (D:2)
  9 leopard geckos
  40 orcs
  4 giant cockroaches
  4 goblins
  8 hobgoblins
  17 kobolds
  7 quokkas
  A ball python (D:1)
  6 bats
  7 frilled lizards
  8 rats
  3 plants (D:10)
406 creatures vanquished.

Vanquished Creatures (collateral kills)
  2 gnolls
  An orc (D:12)
3 creatures vanquished.

Vanquished Creatures (others)
  2 dancing weapons
  8 fungi
  A plant (D:10)
11 creatures vanquished.

Grand Total: 420 creatures vanquished

Notes
Turn   | Place    | Note
-------+----------+-------------------------------------------
     0 | D:1      | H0rd4k the Deep Elf Wizard began the quest for the Orb.
     0 | D:1      | Reached XP level 1. HP: 10/10 MP: 7/7
     2 | D:1      | Noticed a vine stalker
     2 | D:1      | Noticed an elf
     4 | D:1      | Noticed a human
     4 | D:1      | Noticed a demonspawn
     6 | D:1      | Noticed a centaur
     6 | D:1      | Noticed a ghoul
     8 | D:1      | Noticed an ogre
    10 | D:1      | Noticed a troll
    10 | D:1      | Noticed a dwarf
    14 | D:1      | Noticed a vampire
    14 | D:1      | Noticed a gargoyle
    16 | D:1      | Noticed a spriggan
    16 | D:1      | Noticed a halfling
    18 | D:1      | Noticed a draconian
    20 | D:1      | Noticed a naga
    20 | D:1      | Noticed a minotaur
    22 | D:1      | Noticed a formicid
    22 | D:1      | Noticed a merfolk
    24 | D:1      | Noticed a demigod
    24 | D:1      | Noticed a tengu
    26 | D:1      | Noticed a felid
    26 | D:1      | Noticed an octopode
   330 | D:1      | Reached skill level 5 in Spellcasting
   348 | D:1      | Reached XP level 2. HP: 15/15 MP: 5/10
   352 | D:1      | Learned a level 2 spell: Blink
   943 | D:2      | Reached XP level 3. HP: 19/19 MP: 6/12
   952 | D:2      | Learned a level 3 spell: Conjure Flame
  1320 | D:2      | Reached skill level 6 in Spellcasting
  1320 | D:2      | Reached XP level 4. HP: 24/24 MP: 9/14
  1357 | D:2      | Found an ancient bone altar of Kikubaaqudgha.
  1737 | D:2      | Found a sacrificial altar of Ru.
  1788 | D:2      | Found a shadowy altar of Dithmenos.
  1819 | D:2      | Reached XP level 5. HP: 17/28 MP: 5/15
  2892 | D:4      | Found an iron altar of Okawaru.
  2912 | D:3      | Reached skill level 1 in Fire Magic
  3044 | D:3      | Reached skill level 7 in Spellcasting
  3138 | D:3      | Noticed Grinder
  3318 | D:3      | Reached XP level 6. HP: 15/32 MP: 13/18
  3645 | D:3      | Noticed Sigmund
  3830 | D:3      | Killed Grinder
  4005 | D:3      | Killed Sigmund
  4005 | D:3      | Reached skill level 8 in Spellcasting
  4005 | D:3      | Reached skill level 5 in Conjurations
  4005 | D:3      | Reached XP level 7. HP: 18/36 MP: 10/20
  4465 | D:4      | Found a staircase to the Ecumenical Temple.
  4479 | D:4      | Got a heavily runed leather armour
  4491 | D:4      | Identified the +2 leather armour of Fomomipp {rPois Str-5
                  | SInv} (You found it on level 4 of the Dungeon)
  4491 | D:4      | Lost strength.
  4510 | Temple   | Entered the Ecumenical Temple
  4706 | Temple   | Became a worshipper of Sif Muna the Loreminder
  5155 | D:5      | Entered Level 5 of the Dungeon
  5497 | D:5      | Learned a level 3 spell: Tukima's Dance
  5522 | D:5      | Reached skill level 1 in Hexes
  5579 | D:5      | Reached skill level 9 in Spellcasting
  5896 | D:6      | Reached XP level 8. HP: 41/41 MP: 10/23
  6031 | D:6      | Found a blossoming altar of Fedhas.
  6257 | D:6      | Reached * piety under Sif Muna
  6403 | D:6      | Identified the amulet "Hiyrphok" {RegenMP Str+7}
  6437 | D:6      | Found a shattered altar of Ashenzari.
  6446 | D:6      | Found a radiant altar of Vehumet.
  6495 | D:6      | Noticed Dowan
  6499 | D:6      | Noticed Duvessa
  6894 | D:7      | Reached skill level 10 in Spellcasting
  7098 | D:7      | Reached ** piety under Sif Muna
  7162 | D:7      | Found a bloodstained altar of Trog.
  7216 | D:7      | Found a hazy altar of Hepliaklqana.
  7217 | D:7      | Found a shimmering altar of Xom.
  7218 | D:7      | Noticed a spectral ugly thing
  7588 | D:7      | Reached skill level 11 in Spellcasting
  7588 | D:7      | Reached XP level 9. HP: 45/45 MP: 12/26
  7865 | D:8      | Found a glowing golden altar of the Shining One.
  8017 | D:8      | Found a stormy altar of Qazlal.
  8231 | D:8      | Learned a level 3 spell: Gell's Gravitas
  8361 | D:8      | Reached skill level 12 in Spellcasting
  8678 | D:8      | Found Halauso Jail's Antique Armour Emporium.
  8701 | D:8      | Bought a glowing robe for 81 gold pieces
  8986 | D:9      | Found Lick's Book Boutique.
  9056 | D:9      | Reached *** piety under Sif Muna
  9144 | D:9      | Noticed a troll
  9163 | D:9      | Killed a troll
  9415 | D:9      | Noticed a two-headed ogre
  9429 | D:9      | Killed a two-headed ogre
  9429 | D:9      | Reached skill level 13 in Spellcasting
  9429 | D:9      | Reached XP level 10. HP: 50/50 MP: 14/29
  9684 | D:9      | Found the +9 heavy crossbow "Sniper" {velocity, Acc+∞ SInv}
  9727 | D:9      | Got an encrusted long sword
  9728 | D:9      | Identified the +8 long sword of War {elec, rPois rF+ rC+}
                  | (You found it on level 9 of the Dungeon)
  9790 | D:9      | Reached skill level 10 in Conjurations
  9881 | D:9      | Reached **** piety under Sif Muna
  9951 | D:9      | Noticed a centaur warrior
  9956 | D:9      | Killed a centaur warrior
  9959 | D:9      | Reached skill level 14 in Spellcasting
 10346 | D:9      | Got a sapphire flail
 10356 | D:9      | Learned a level 2 spell: Swiftness
 10410 | D:9      | Learned a level 5 spell: Venom Bolt
 10411 | D:9      | Identified the +12 flail "Fidwasm" {crush, +Blink rF+} (You
                  | found it on level 9 of the Dungeon)
 10428 | D:10     | Entered Level 10 of the Dungeon
 10843 | D:6      | Killed Duvessa
 10848 | D:6      | Killed Dowan
 11066 | D:6      | Reached skill level 1 in Air Magic
 11073 | D:6      | HP: 2/50 [orc/wand of flame (11) (7)]
 11759 | D:10     | Noticed Grum
 11767 | D:10     | Killed Grum
 11780 | D:10     | Reached skill level 1 in Poison Magic
 11834 | D:10     | Found a runed translucent gate.
 11835 | D:10     | Found a runed translucent gate.
 11835 | D:10     | Noticed bocha96's ghost (journeyman MfGl)
 11835 | D:10     | Noticed a 12-headed hydra
 11836 | D:10     | Found a runed translucent gate.
 12008 | D:10     | Reached ***** piety under Sif Muna
 12294 | D:10     | Reached XP level 11. HP: 33/54 MP: 19/31
 12538 | D:10     | Identified Sif Muna's Papyrus of Vitriolic Transformation
                  | (Sif Muna gifted it to you on level 10 of the Dungeon)
 12538 | D:10     | Received a gift from Sif Muna
 12723 | D:10     | Noticed Nergalle
 12796 | D:10     | Killed Nergalle
 13227 | D:10     | Found a staircase to the Lair.
 13235 | D:10     | Reached skill level 15 in Spellcasting
 13732 | D:10     | Got a smoking halberd
 13778 | D:10     | Identified the +6 halberd of Courage {protect, Str+6} (You
                  | found it on level 10 of the Dungeon)
 14070 | D:9      | Bought a book of Cantrips for 240 gold pieces
 14072 | D:9      | Learned a level 1 spell: Apportation
 14239 | D:10     | Got a brightly glowing jade ring
 14241 | D:10     | Identified the cursed ring of Hoca {MR+ Int-3 Dex+6 SInv}
                  | (You found it on level 10 of the Dungeon)
 14792 | D:11     | Noticed Maurice
 14799 | D:11     | Killed Maurice
 15481 | D:12     | Reached skill level 1 in Evocations
 15505 | D:12     | Got a slimy hunting sling
 15506 | D:12     | Identified the +5 hunting sling "Demonbane" {venom, MP+9
                  | Int+5} (You found it on level 12 of the Dungeon)
 15578 | D:12     | Reached skill level 1 in Invocations
 15710 | D:12     | Noticed a two-headed ogre
 15733 | D:12     | Killed a two-headed ogre
 15930 | D:12     | Found a staircase to the Orcish Mines.
 16308 | D:12     | Identified Sif Muna's Guide on Lucky Fire (Sif Muna gifted
                  | it to you on level 12 of the Dungeon)
 16308 | D:12     | Received a gift from Sif Muna
 16533 | D:12     | Noticed a rakshasa
 16541 | D:13     | Noticed a deep elf mage
 16634 | D:13     | Learned a level 6 spell: Bolt of Fire
 16940 | D:13     | Noticed a cyan ugly thing
 17088 | D:13     | Reached skill level 5 in Fire Magic
 17123 | D:13     | Noticed a sixfirhy
 17123 | D:13     | Reached skill level 16 in Spellcasting
 17171 | D:13     | Reached XP level 12. HP: 55/59 MP: 34/34
 17181 | D:13     | Found a gate to the Vaults.
 17181 | D:13     | Noticed a two-headed ogre
 17181 | D:13     | Noticed a vault guard
 17181 | D:13     | Noticed a vault guard
 17181 | D:13     | Noticed a vault guard
 17181 | D:13     | Noticed a vault guard
 17193 | D:13     | Killed a vault guard
 17197 | D:13     | Killed a two-headed ogre
 17498 | D:13     | Noticed a centaur warrior
 17502 | D:13     | Killed a centaur warrior
 17553 | D:13     | Reached skill level 17 in Spellcasting
 17866 | D:12     | Reached skill level 5 in Translocations
 18104 | Lair:1   | Entered Level 1 of the Lair of Beasts
 18275 | Lair:1   | Reached skill level 5 in Stealth
 19059 | Lair:2   | Identified Sif Muna's Reference Book on Intoxication and
                  | Heat (Sif Muna gifted it to you on level 2 of the Lair of
                  | Beasts)
 19059 | Lair:2   | Received a gift from Sif Muna
 20037 | Lair:3   | Reached XP level 13. HP: 63/63 MP: 33/36
 20128 | Lair:3   | Reached skill level 18 in Spellcasting
 20608 | Lair:3   | Found a runed translucent door.
 20613 | Lair:3   | Noticed DorianNounverber's ghost (journeyman MiBe)
 20760 | Lair:4   | Found a hole to the Spider Nest.
 20927 | Lair:4   | Noticed Nessos
 20973 | Lair:4   | HP: 2/63 [Nessos/arrow (10)]
 20991 | Lair:4   | Found a staircase to the Shoals.
 20992 | Lair:4   | Shot with an arrow by a centaur

Skill      XL: |  1  2  3  4  5  6  7  8  9 10 11 12 13 |
---------------+----------------------------------------+-----
Spellcasting   | 5 6 7 8 9 11 13 14 16 17 18 | 18.2
Stealth        | 3 4 5 |  5.5
Conjurations   | 2 3 5 7 9 10 11 12 13 | 13.0
Fire Magic     | 1 2 3 4 5 7 |  7.8
Dodging        | 3 4 |  4.6
Hexes          | 2 3 |  3.9
Translocations | 3 4 5 |  5.0
Air Magic      | 2 |  2.0
Charms         | 2 |  2.8
Poison Magic   | 1 3 4 |  4.0
Evocations     | 2 |  2.4
Invocations    | 2 |  2.6
Summonings     | |  1.1

Action                   |  1- 3 |  4- 6 |  7- 9 | 10-12 | 13-15 || total
-------------------------+-------+-------+-------+-------+-------++-------
 Fire: Heavy crossbow    |       |       |       |     7 |       ||     7
 Cast: Magic Dart        |    82 |   172 |   459 |   518 |     5 ||  1236
       Conjure Flame     |       |     5 |    33 |    88 |       ||   126
       Tukima's Dance    |       |       |     5 |     7 |       ||    12
       Blink             |       |       |     4 |    12 |     7 ||    23
       Gell's Gravitas   |       |       |     2 |    30 |       ||    32
       Venom Bolt        |       |       |       |    69 |       ||    69
       Apportation       |       |       |       |     2 |       ||     2
       Bolt of Fire      |       |       |       |    83 |    29 ||   112
       Swiftness         |       |       |       |     1 |       ||     1
Evoke: Wand              |       |       |     3 |     2 |     1 ||     6
  Use: Scroll            |       |       |    14 |    13 |     2 ||    29
       Potion            |       |       |       |     4 |     2 ||     6
  Eat: Chunk             |     1 |     5 |    16 |    14 |     2 ||    38
       Ration            |       |     1 |       |     5 |     1 ||     7
Armor: Robe              |     4 |     2 |     1 |       |       ||     7
       Leather armour    |       |       |     5 |    45 |    12 ||    62
Dodge: Dodged            |     6 |    18 |    31 |    84 |    21 ||   160
